 Dungeon Crawl Stone Soup version 0.19.1 (webtiles) character file.

12125 Firecrotchwizard the Fighter (level 11, -14/106 HPs)
             Began as a Minotaur Berserker on Dec 22, 2016.
             Was a High Priest of Trog.
             Demolished by HAWKINGL3623's ghost (19 damage)
             ... on level 3 of the Lair of Beasts.
             The game lasted 00:29:53 (11427 turns).

Firecrotchwizard the Fighter (Minotaur Berserker)  Turns: 11427, Time: 00:29:54

Health: -14/106    AC: 16    Str: 22    XL:     11   Next: 58%
Magic:  0/10       EV: 11    Int:  4    God:    Trog [*****.]
Gold:   624        SH:  0    Dex: 13    Spells: 0 memorised, 10 levels left

rFire  . . .     SeeInvis +     w - +1 mace
rCold  . . .     Gourm    .     P - +0 plate armour
rNeg   . . .     Faith    .     (no shield)
rPois  +         Spirit   +     (helmet restricted)
rElec  .         Reflect  .     y - +1 cloak
rCorr  .         Harm     .     (no gloves)
MR     .....                    (no boots)
Stlth  ..........               K - amulet of guardian spirit
                                f - ring of poison resistance
                                x - ring of see invisible

@: exhausted, slowed, very slow
A: retaliatory headbutt, horns 2
a: Berserk, Trog's Hand, Brothers in Arms, Burn Spellbooks, Renounce Religion


You were on level 3 of the Lair of Beasts.
You worshipped Trog.
Trog was extremely pleased with you.
You were not hungry.

You visited 2 branches of the dungeon, and saw 12 of its levels.

You collected 624 gold pieces.

Inventory:

Hand Weapons
 r - the +9 staff of Wucad Mu {channel}
   (You found it on level 2 of the Lair of Beasts)
 w - a +1 mace (weapon)
 N - the +1 hand crossbow of Seatinet {velocity, +Fly rF+ rC++ Dex-2, unknown}
   (You found it on level 7 of the Dungeon)

   Any bolt fired from it inflicts extra damage.
   It affects your dexterity (-2).
   It protects you from fire.
   It greatly protects you from cold.
   It lets you fly.
Missiles
 j - 3 poisoned tomahawks
 E - 5 javelins (quivered)
 F - 3 throwing nets
 O - 2 tomahawks
Armour
 y - a +1 cloak (worn)
 P - a +0 plate armour (worn)
Jewellery
 f - a ring of poison resistance (right hand)
 p - an uncursed ring of stealth
 x - a ring of see invisible (left hand)
 K - an amulet of guardian spirit (around neck)
Wands
 b - a wand of iceblast (8/15)
 l - a wand of acid (13/15)
 s - a wand of lightning (15/15)
 z - a wand of disintegration (6/24)
 B - a wand of acid (1/15)
 I - a wand of polymorph (9/24)
 J - a wand of paralysis (15/24)
 S - a wand of flame (0/48)
Scrolls
 d - a scroll of enchant weapon
 h - 2 scrolls of fog
 i - 2 scrolls of enchant armour
 m - 6 scrolls of identify
 q - 4 scrolls of recharging
 u - 5 scrolls of remove curse
 v - 3 scrolls of teleportation
 D - 3 scrolls of magic mapping
 G - 2 scrolls of blinking
Potions
 a - a potion of berserk rage {unknown}
 e - 2 potions of invisibility {unknown}
 g - a potion of might
 n - 2 potions of heal wounds {unknown}
 o - 2 potions of cancellation {unknown}
 A - 4 potions of curing {unknown}
 H - a potion of resistance {unknown}
 L - 4 potions of mutation {unknown}
 M - 3 potions of brilliance {unknown}
Comestibles
 c - 2 bread rations
 k - 6 meat rations


   Skills:
 * Level 12.8 Fighting
 * Level 12.4 Maces & Flails
 + Level 4.2 Throwing
 + Level 9.3 Armour
 + Level 8.5 Dodging


You had 10 spell levels left.
You didn't know any spells.

Dungeon Overview and Level Annotations

Branches:
Dungeon (9/15)             Temple (0/1) D:4            Lair (3/6) D:9
  Swamp: Lair:2-4    Shoals: Lair:2-4     Snake: Lair:2-4    Spider: Lair:2-4
    Orc: D:9-12

Altars:
Ashenzari
Elyvilon
Makhleb
Nemelex Xobeh
Sif Muna
Trog
Vehumet
The Shining One

Shops:
D:8 [

Annotations:
Lair:3 HAWKINGL3623's ghost, journeyman GrHu


Innate Abilities, Weirdness & Mutations

You reflexively headbutt those who attack you in melee.
You have a pair of horns on your head.


Message History

The bullfrog misses you.
You miss HAWKINGL3623's ghost.
HAWKINGL3623's ghost is severely damaged.
The bullfrog barely misses you. You furiously retaliate!
You headbutt the bullfrog!
You kill the bullfrog!
Trog accepts your kill.
HAWKINGL3623's ghost hits you but does no damage.
You are electrocuted!
* * * LOW HITPOINT WARNING * * *
You closely miss HAWKINGL3623's ghost.
Your headbutt misses HAWKINGL3623's ghost.
HAWKINGL3623's ghost is severely damaged.
HAWKINGL3623's ghost hits you but does no damage.
You miss HAWKINGL3623's ghost.
HAWKINGL3623's ghost is severely damaged.
HAWKINGL3623's ghost hits you!
* * * LOW HITPOINT WARNING * * *
You are electrocuted!
You die...

...................
#..................
#..................
#..................
######..................
#...##..................
........................
........................
..........#P##.#@#.....
.........####.###W......
.............. .......
.............. ......$
...#####...... .......
..#..#..###... .......
.............. .......
.............. .......
.#..#....###


You could see HAWKINGL3623's ghost.

Vanquished Creatures
  2 hydras (Lair:2)
  Pikel (D:5)
  A black mamba (Lair:2)
  7 elephants
  A komodo dragon (Lair:2)
  Prince Ribbit (D:9)
  A hornet (D:7)
  A hippogriff (Lair:1)
  A wyvern (D:9)
  Grum (D:8)
  A hungry ghost (D:7)
  2 basilisks (Lair:2)
  Menkaure (D:5)
  5 water moccasins
  The ghost of zinhow2 the Sneak, an amateur OpWz (D:4)
  6 porcupines
  3 black bears
  3 sky beasts
  4 orc warriors
  4 wolves (D:8)
  2 phantoms (D:7)
  An ice beast (D:7)
  6 ogres
  The ghost of adelrune the Slasher, an amateur HEMo (D:3)
  7 crocodiles
  4 centaurs
  Blork the orc (D:5)
  5 bullfrogs
  3 scorpions
  An electric eel (Lair:1)
  5 howler monkeys
  5 crimson imps
  A jelly (D:6)
  3 hounds
  5 orc wizards
  A bullfrog zombie (D:6)
  3 orc priests
  Crazy Yiuf (D:7)
  3 centaur skeletons
  Terence (D:3)
  An iguana (D:9)
  3 worker ants
  5 gnolls
  A howler monkey skeleton (D:4)
  10 adders
  2 oozes
  An adder skeleton (D:7)
  A worm (D:2)
  3 leopard geckos
  36 orcs
  4 ball pythons
  2 giant cockroaches
  9 goblins
  15 hobgoblins
  4 quokkas
  5 bats
  3 frilled lizards (D:3)
  7 kobolds
  10 rats
  A fungus (D:7)
229 creatures vanquished.

Vanquished Creatures (others)
  A slave (D:6)
  A worker ant (D:6)
  6 fungi (Lair:2)
  4 plants (Lair:2)
12 creatures vanquished.

Grand Total: 241 creatures vanquished

Notes
Turn   | Place    | Note
-------+----------+-------------------------------------------
     0 | D:1      | Firecrotchwizard the Minotaur Berserker began the quest for the Orb.
     0 | D:1      | Reached XP level 1. HP: 19/19 MP: 0/0
   177 | D:1      | Reached XP level 2. HP: 27/27 MP: 1/1
   677 | D:2      | Reached XP level 3. HP: 30/33 MP: 2/2
   782 | D:2      | Reached ** piety under Trog
  1057 | D:2      | Reached XP level 4. HP: 40/41 MP: 3/3
  1234 | D:2      | Found a deep blue altar of Sif Muna.
  1337 | D:3      | Noticed adelrune's ghost (amateur HEMo)
  1340 | D:3      | Killed adelrune's ghost
  1340 | D:3      | Reached skill level 5 in Fighting
  1340 | D:3      | Reached skill level 5 in Maces & Flails
  1340 | D:3      | Reached XP level 5. HP: 48/48 MP: 4/4
  1552 | D:3      | Reached XP level 6. HP: 42/56 MP: 5/5
  2038 | D:3      | Noticed Terence
  2052 | D:3      | Killed Terence
  2300 | D:3      | Reached *** piety under Trog
  2559 | D:4      | Noticed zinhow2's ghost (amateur OpWz)
  2566 | D:4      | Killed zinhow2's ghost
  2614 | D:4      | Reached XP level 7. HP: 62/64 MP: 6/6
  2967 | D:4      | Found a sparkling altar of Nemelex Xobeh.
  3120 | D:4      | Found a staircase to the Ecumenical Temple.
  3125 | D:5      | Entered Level 5 of the Dungeon
  3127 | D:5      | Noticed Menkaure
  3135 | D:5      | Killed Menkaure
  3343 | D:5      | Noticed Pikel
  3363 | D:5      | Killed Pikel
  3363 | D:5      | Reached skill level 5 in Armour
  3363 | D:5      | Reached XP level 8. HP: 74/74 MP: 7/7
  3452 | D:5      | Reached skill level 5 in Dodging
  3852 | D:5      | Noticed Blork the orc
  3859 | D:5      | Killed Blork the orc
  4129 | D:6      | Found a white marble altar of Elyvilon.
  4160 | D:6      | Found a bloodstained altar of Trog.
  4545 | D:6      | Reached XP level 9. HP: 63/83 MP: 8/8
  5316 | D:6      | Found a glowing golden altar of the Shining One.
  5383 | D:6      | Reached **** piety under Trog
  5681 | D:7      | Reached skill level 10 in Fighting
  5710 | D:7      | Reached skill level 10 in Maces & Flails
  6042 | D:7      | Got a smoking hand crossbow
  6234 | D:7      | Reached skill level 1 in Throwing
  6567 | D:7      | Found a runed door.
  6571 | D:7      | Noticed Crazy Yiuf
  6578 | D:7      | Killed Crazy Yiuf
  6622 | D:8      | Reached XP level 10. HP: 83/94 MP: 6/9
  6668 | D:8      | Reached ***** piety under Trog
  6970 | D:8      | Found Weahomua's Armour Emporium.
  7151 | D:8      | Noticed Grum
  7184 | D:8      | Killed Grum
  7372 | D:8      | Found a burning altar of Makhleb.
  7372 | D:8      | Found a radiant altar of Vehumet.
  7664 | D:9      | Noticed Prince Ribbit
  7894 | D:9      | Found a staircase to the Lair.
  7932 | D:9      | Noticed an elephant
  7954 | D:9      | Killed an elephant
  8089 | D:9      | Found a shattered altar of Ashenzari.
  8181 | D:9      | Killed Prince Ribbit
  8634 | Lair:1   | Entered Level 1 of the Lair of Beasts
  9479 | Lair:2   | Noticed an eight-headed hydra
  9486 | Lair:2   | Killed an eight-headed hydra
  9676 | Lair:2   | Noticed an elephant
  9677 | Lair:2   | Noticed an elephant
  9677 | Lair:2   | Noticed an elephant
  9720 | Lair:2   | Killed an elephant
  9720 | Lair:2   | Reached XP level 11. HP: 101/104 MP: 10/10
 10465 | Lair:2   | Received a gift from Trog
 10643 | Lair:2   | Noticed a five-headed hydra
 10651 | Lair:2   | Killed a five-headed hydra
 11397 | Lair:3   | Noticed HAWKINGL3623's ghost (journeyman GrHu)
 11427 | Lair:3   | HP: 5/106 [HAWKINGL3623's ghost (7)]
 11427 | Lair:3   | Demolished by HAWKINGL3623's ghost

Skill      XL: |  1  2  3  4  5  6  7  8  9 10 11 |
---------------+----------------------------------+-----
Fighting       | 4 5 6 7 9 10 12 | 12.8
Armour         | 3 4 5 6 7 8 9 |  9.3
Maces & Flails | 4 5 6 7 8 10 11 12 | 12.4
Dodging        | 3 4 5 6 7 8 |  8.5
Throwing       | 1 3 4 |  4.2

Action                   |  1- 3 |  4- 6 |  7- 9 | 10-12 || total
-------------------------+-------+-------+-------+-------++-------
Melee: Mace              |    67 |   112 |   293 |   385 ||   857
       Headbutt          |    10 |    25 |    59 |    95 ||   189
Throw: Javelin           |       |       |       |    26 ||    26
Invok: Berserk           |       |     1 |     2 |     4 ||     7
       Trog's Hand       |       |     1 |     1 |       ||     2
       Burn Spellbooks   |       |       |     1 |     3 ||     4
  Use: Scroll            |     2 |       |    11 |     1 ||    14
  Eat: Chunk             |       |     7 |     5 |    11 ||    23
       Fruit             |       |       |     6 |     1 ||     7
       Beef jerky        |       |       |     3 |       ||     3
       Pizza             |       |       |     1 |     2 ||     3
       Royal jelly       |       |       |       |     1 ||     1
       Bread ration      |       |       |       |     1 ||     1
Armor: Scale mail        |     2 |       |       |       ||     2
       Animal skin       |     3 |       |       |       ||     3
       Ring mail         |    26 |     3 |       |       ||    29
       Chain mail        |       |    44 |   106 |       ||   150
       Plate armour      |       |       |     8 |   230 ||   238
Dodge: Dodged            |    51 |    55 |   136 |   191 ||   433
